 Dungeon Crawl Stone Soup version 0.30.1-9-gdf580d7c3d (webtiles) character file.

Game seed: 10534228735117288271

274 Danienth the Skirmisher (level 6, -2/36 HPs)
             Began as a Kobold Hunter on Sept 25, 2023.
             Succumbed to Duvessa's poison
             ... on level 5 of the Dungeon.
             The game lasted 00:11:05 (2730 turns).

Danienth the Skirmisher (Kobold Hunter)             Turns: 2730, Time: 00:11:05

Health: -2/36      AC:  5    Str:  8    XL:     6   Next: 49%
Magic:  7/7        EV: 15    Int: 10    God:
Gold:   285        SH:  0    Dex: 21    Spells: 7/7 levels left

rFire   . . .        a - +2 shortbow (drain)
rCold   . . .        (shield currently unavailable)
rNeg    . . .        c - +0 leather armour
rPois   .            (no helmet)
rElec   .            (no cloak)
rCorr   .            (no gloves)
SInv    .            l - +1 pair of boots
Will    .....        (no amulet)
Stlth   +++          (no ring)
HPRegen 0.26/turn    (no ring)
MPRegen 0.10/turn

%: no passive effects
@: lethally poisoned (-2 -> -56)
A: small, no large weapons, nightstalker 3
a: no special abilities


You were on level 5 of the Dungeon.
You visited 1 branch of the dungeon, and saw 5 of its levels.

You collected 285 gold pieces.

Inventory:

Hand Weapons
 a - a +2 shortbow of draining (weapon)
 e - a +0 spear
 t - a +2 short sword of protection
Missiles
 f - 5 poisoned darts
Armour
 c - a +0 leather armour (worn)
 k - a +3 chain mail
 l - a +1 pair of boots (worn)
Scrolls
 b - a scroll of immolation
 g - 2 scrolls of teleportation
 o - a scroll of fog
Potions
 d - a potion of attraction {unknown}
 n - a potion of brilliance {unknown}
 p - 3 potions of lignification
 q - 2 potions of heal wounds
 r - a potion of curing {unknown}
 s - 2 potions of ambrosia {unknown}
 u - a potion of degeneration {unknown}


   Skills:
 - Level 2.7 Fighting
 * Level 8.8 Ranged Weapons
 - Level 0.6 Armour
 - Level 2.8 Dodging
 - Level 2.2 Stealth
 - Level 1.0 Spellcasting


You had 7 spell levels left.
You didn't know any spells.
Your spell library contained the following spells:

 Spells                   Type           Power      Damage    Failure   Level
 Slow                     Hex            0%         N/A       43%         1
 Confusing Touch          Hex            0%         N/A       82%         3
 Vampiric Draining        Necr           0%         2d6       82%         3
 Cause Fear               Hex            0%         N/A       99%         4
 Dragon Form              Tmut           0%         N/A       100%        7
 Dragon's Call            Summ           0%         N/A       100%        9


Dungeon Overview and Level Annotations

Branches:
Dungeon (5/15)
 Temple: D:4-7

Altars:
Makhleb

Annotations:
D:4 Menkaure
D:5 Dowan, Duvessa


Innate Abilities, Weirdness & Mutations

You are small and have problems with some larger weapons.
You are completely attuned to the shadows.


Message History

Found a stone staircase leading down.
There is a stone staircase leading down here.
Dowan, Brother of Duvessa comes into view.
He is wielding a +0 dagger.
You shoot an arrow.
The arrow hits Dowan but does no damage.
Dowan shouts!
You hear a shout!
You shoot an arrow. The arrow hits Dowan.
You drain Dowan.
Dowan is moderately wounded.
You shoot an arrow. The arrow hits Dowan!
You drain Dowan.
Dowan is severely wounded.
Duvessa, Sister of Dowan comes into view.
She is wielding a +3 short sword of venom and wearing a +3 leather armour of fire resistance.
You shoot an arrow. The arrow closely misses Dowan.
Dowan hits you with a +0 dagger.
You shoot an arrow. The arrow closely misses Dowan.
Dowan barely misses you.
You shoot an arrow.
The arrow hits Duvessa but does no damage.
You drain Duvessa.
Duvessa is lightly wounded.
Dowan smirks and points a slender finger.
Dowan points at Duvessa and mumbles some strange words.
Duvessa seems to speed up.
Duvessa closely misses you.
Okay, then.
As you read the scroll of teleportation, it crumbles to dust.
You feel strangely unstable.
Duvessa hits you with a +3 short sword of venom.
You are poisoned.
You shoot an arrow. The arrow closely misses Duvessa.
The arrow closely misses Dowan.
You feel very sick.
Duvessa hits you with a +3 short sword of venom!
You are more poisoned.
Duvessa hits you with a +3 short sword of venom!
You are more poisoned.
Okay, then.
Duvessa attacks as you move away!
Duvessa hits you with a +3 short sword of venom.
* * * LOW HITPOINT WARNING * * *
You are more poisoned.
Your surroundings suddenly seem different.
You die...

#.# ####. ## ######### #.#
#...###.. ...>.....
#.####.#....# #..<#
#..........# #..†#
.......#...###. .#...####
#.####.##...... ....<....
.....#.###.###.###.#.......
.....#.###># #.....#..##...
...>.......# #.@# #.. ...
####.#.##### #^...... ..
#...# #.####. #.### #. #.#
#. #.# #.# #.# #.#


There were no monsters in sight!

Vanquished Creatures
  A phantom (D:5)
  A hound (D:5)
  5 gnolls
  4 adders
  A shadow imp (D:5)
  3 worms (D:3)
  2 dart slugs (D:2)
  3 orcs (D:4)
  3 ball pythons
  4 bats
  5 endoplasms
  5 goblins
  6 hobgoblins
  4 jackals
  A quokka (D:2)
  2 frilled lizards (D:3)
  4 kobolds
  8 rats
62 creatures vanquished.

Notes
Turn   | Place    | Note
-------+----------+-------------------------------------------
     0 | D:1      | Danienth the Kobold Hunter began the quest for the Orb.
     0 | D:1      | Reached XP level 1. HP: 12/12 MP: 1/1
    42 | D:1      | Reached XP level 2. HP: 17/17 MP: 2/2
   768 | D:3      | Reached skill level 6 in Ranged Weapons
   768 | D:3      | Reached XP level 3. HP: 22/22 MP: 3/3
   772 | D:3      | Reached XP level 4. HP: 27/27 MP: 3/5
  1158 | D:3      | Found a burning altar of Makhleb.
  1513 | D:2      | You fall into a shaft and drop 1 floor!
  1649 | D:2      | Reached XP level 5. HP: 31/31 MP: 6/6
  1656 | D:2      | Reached skill level 1 in Spellcasting
  1675 | D:2      | Reached skill level 7 in Ranged Weapons
  2547 | D:4      | Noticed Menkaure
  2558 | D:5      | Entered Level 5 of the Dungeon
  2575 | D:5      | Reached skill level 8 in Ranged Weapons
  2575 | D:5      | Reached XP level 6. HP: 29/36 MP: 7/7
  2719 | D:5      | Noticed Dowan
  2722 | D:5      | Noticed Duvessa
  2730 | D:5      | Succumbed to Duvessa's poison

Illustrated notes

Levels and vault maps discovered:
D:1:      erik_arrival_blinker_ship, layout_rooms, kennysheep_pointless_box
D:2:      minmay_door_path, layout_rooms, minmay_gold_behind_fungi,
          minmay_split_cup_large
D:3:      layout_basic, mainiacjoe_overflow_boulevard,
          minmay_misc_feat_enclosed, interstate_on_off
D:4:      layout_basic, serial_shops, nicolae_shop_peninsula, uniq_menkaure
D:5:      layout_loops_ring, nicolae_ru_path_of_blood, ebering_ghost_sewer_f,
          uniq_duvessa, uniq_blork_the_orc

Skill      XL: |  1  2  3  4  5 |
---------------+----------------+-----
Ranged Weapons | 6 8 |  8.8
Stealth        | 2 |  2.2
Spellcasting   | 1 |  1.0
Fighting       | |  2.7
Armour         | |  0.6
Dodging        | |  2.8

Action                     |  1- 3 |  4- 6 || total
---------------------------+-------+-------++-------
   Fire: Shortbow          |    41 |   124 ||   165
    Use: Scroll            |     1 |     9 ||    10
 Armour: Leather armour    |    10 |    14 ||    24
  Dodge: Dodged            |    16 |    44 ||    60
